 Dungeon Crawl Stone Soup version 0.29-a0-398-ge13fd1374b (webtiles) character file.

Game seed: 3327463732653187473

55 zishaf the Skirmisher (level 3, 0/42 HPs)
             Began as an Ogre Chaos Knight on May 12, 2022.
             Was a Plaything of Xom.
             Slain by a tarantella (glowing shapeshifter) (8 damage)
             ... on level 2 of the Dungeon.
             The game lasted 00:01:37 (1013 turns).

zishaf the Skirmisher (Ogre Chaos Knight)           Turns: 1013, Time: 00:01:38

Health: 0/42       AC:  5    Str: 18    XL:     3   Next: 93%
Magic:  3/3        EV:  9    Int: 13    God:    Xom [..*...]
Gold:   47         SH:  0    Dex:  8    Spells: 2/2 levels left

rFire   . . .      SeeInvis .   a - +0 mace (chaos)
rCold   . . .      Faith    .   (no shield)
rNeg    . . .      Spirit   .   b - +2 robe
rPois   .          Reflect  .   (helmet restricted)
rElec   .          Harm     .   (no cloak)
rCorr   .          Rampage  .   (gloves unavailable)
Will    .....                   (boots unavailable)
Stlth   +.........              (no amulet)
HPRegen 0.14/turn               (no ring)
MPRegen 0.08/turn               (no ring)

@: invisible
A: large, unfitting armour, tough skin 1
a: Renounce Religion


You were on level 2 of the Dungeon.
You worshipped Xom.
You were a toy of Xom.
You visited 1 branch of the dungeon, and saw 2 of its levels.

You collected 47 gold pieces.

Inventory:

Hand Weapons
 a - a +0 mace of chaos (weapon)
Armour
 b - a +2 robe (worn)
Scrolls
 d - a scroll of identify {unknown}
 g - a scroll of enchant weapon {unknown}
 i - a scroll of enchant armour {unknown}
Potions
 e - a potion of lignification {unknown}
 f - a potion of brilliance {unknown}
 h - a potion of haste {unknown}
 j - a potion of heal wounds {unknown}
Miscellaneous
 c - a piece from Xom's chessboard (15/15) (quivered)


   Skills:
 + Level 5.2 Fighting
 + Level 3.5 Maces & Flails
 - Level 2.1 Dodging


You had 2 spell levels left.
You didn't know any spells.
Your spell library contained the following spells:

 Spells                   Type           Power      Damage    Failure   Level
 Freeze                   Ice            0%         1d3       30%         1
 Ice Form                 Ice/Tmut       0%         N/A       97%         4
 Passage of Golubria      Tloc           0%         N/A       97%         4
 Manifold Assault         Tloc           0%         N/A       100%        5


Dungeon Overview and Level Annotations

Branches:
Dungeon (2/15)

Altars:


Innate Abilities, Weirdness & Mutations

You are too large for most types of armour.
You have tough skin. (AC +1)


Message History

You kill the gnoll!
The gnoll hits you from afar with a +2 spear of flaming.
The gnoll burns you.
The gnoll hits you with a +2 spear of flaming.
The gnoll burns you.
You see here a +0 spear.
You are too injured to fight recklessly!
You are too injured to fight recklessly!
You are too injured to fight recklessly!
You closely miss the gnoll. The gnoll completely misses you.
You sock the gnoll!
The gnoll appears confused.
The gnoll is severely wounded.
The gnoll hits you with a +2 spear of flaming.
The gnoll burns you. The gnoll barely misses you.
You hit the gnoll but do no damage.
The gnoll changes into a glowing shapeshifter!
Xom thinks this is hilarious!
The glowing shapeshifter is lightly wounded. "Go forth and destroy!"
You fade into invisibility!
The glowing shapeshifter changes into a dream sheep!
You barely miss the dream sheep.
The dream sheep ruffles its wool and motes of dream dust sparkle, to no effect.
You hit the dream sheep.
The dream sheep suddenly seems more agile.
The dream sheep is lightly wounded.
Xom grants you insight.
You detect items!
The dream sheep bites you.
* * * LOW HITPOINT WARNING * * *
Unknown command.
You closely miss the dream sheep.
The dream sheep is lightly wounded.
The dream sheep changes into a tarantella!
You catch the helpless tarantella completely off-guard!
You hit the tarantella.
Lightning courses through the tarantella!
The tarantella is heavily wounded.
The tarantella barely misses you. The tarantella touches you!
You die...
Xom is highly amused!

... #### #.# .))#
#.# ##<# #.#
.........# ... ∆
.#.###.### #.# ∆
.#.# #s# ..# ∆ #@#
### ###.#### #..
#####......###.....
.......?.......# ∆
∆ #####.#........#
#.#...+++++# ∆
#.....+ #.##..+
#.....+


You could see a tarantella shaped shifter (can't see you).

Vanquished Creatures
  Robin (D:2)
  A gnoll (D:2)
  A dart slug (D:2)
  A ball python (D:1)
  A bat (D:1)
  6 endoplasms
  A giant cockroach (D:1)
  7 goblins
  3 hobgoblins
  2 kobolds (D:1)
  4 rats (D:1)
28 creatures vanquished.

Notes
Turn   | Place    | Note
-------+----------+-------------------------------------------
     0 | D:1      | zishaf the Ogre Chaos Knight began the quest for the Orb.
     0 | D:1      | Reached XP level 1. HP: 24/24 MP: 1/1
    44 | D:1      | Reached XP level 2. HP: 24/33 MP: 2/2
   177 | D:1      | XOM: divination: detect items
   490 | D:1      | Got the Compendium of the Glacial Traveller
   553 | D:2      | Noticed Robin
   561 | D:2      | Reached XP level 3. HP: 11/40 MP: 3/3
   832 | D:2      | Killed Robin
   833 | D:2      | Reached skill level 5 in Fighting
   864 | D:2      | XOM is BORED!
   864 | D:2      | XOM: 3-stop teleportation journey
  1009 | D:2      | Noticed a glowing shapeshifter
  1009 | D:2      | a gnoll changed into a glowing shapeshifter
  1009 | D:2      | XOM: potion effect (invisibility)
  1009 | D:2      | Noticed a dream sheep
  1009 | D:2      | a glowing shapeshifter changed into a dream sheep
  1011 | D:2      | XOM: divination: detect items
  1012 | D:2      | Noticed a tarantella
  1012 | D:2      | a dream sheep changed into a tarantella
  1013 | D:2      | Slain by a tarantella (glowing shapeshifter)

Illustrated notes

Levels and vault maps discovered:
D:1:      shiori_shiawase, layout_rooms
D:2:      layout_loops_cross, hellmonk_ecumenical_altar_heavens_door,
          uniq_robin, uniq_jessica

Skill      XL: |  1  2  3 |
---------------+----------+-----
Maces & Flails | 3 |  3.5
Fighting       | 5 |  5.2
Dodging        | |  2.1

Action                   || total
-------------------------++-------
Melee: Mace              ||    71
 Stab: Paralysed         ||     1
       Invisible         ||     1
Armor: Robe              ||    29
Dodge: Dodged            ||    27

Table legend: (Time is in decaauts)
 A = Elapsed time spent in this place.
 B = Non-inter-level travel time spent in this place.
 C = Inter-level travel time spent in this place.
 D = Time resting spent in this place.
 E = Time spent auto-exploring this place.
 F = Levels seen in this place.
 G = Mean time per level.
                   A        B        C        D        E       F      G
               +--------+--------+--------+--------+--------+-----+--------+
         Total |   1030 |   1020 |     10 |    230 |    582 |   2 |  515.0 |
       Dungeon |   1030 |   1020 |     10 |    230 |    582 |   2 |  515.0 |
               +--------+--------+--------+--------+--------+-----+--------+

Top non-repeatable levels by time:
     D:1: 814 daAuts
     D:2: 215 daAuts
